 Seeded DCSS version 0.25-a0-713-g4845790 (webtiles) character file.

Game seed: 1189511237111925760, levelgen mode: deterministic

181 Ayyar the Skirmisher (level 5, -11/42 HPs)
             Began as a Mummy Berserker on Apr 5, 2020.
             Was a Believer of Trog.
             Mangled by an ogre
             ... wielding a +0 giant spiked club
              (19 damage)
             ... on level 6 of the Dungeon.
             The game lasted 00:12:39 (3022 turns).

Ayyar the Skirmisher (Mummy Berserker)              Turns: 3022, Time: 00:12:40

Health: -11/42     AC:  7    Str: 21    XL:     5   Next: 34%
Magic:  5/5        EV: 12    Int:  6    God:    Trog [**....]
Gold:   312        SH:  0    Dex: 12    Spells: 4/4 levels left

rFire    x . .     SeeInvis .   a - +0 falchion
rCold    + . .     Gourm    .   (no shield)
rNeg     + + +     Faith    .   d - +0 ring mail
rPois    ∞         Spirit   .   (no helmet)
rElec    .         Reflect  .   n - +1 cloak
rCorr    .         Harm     .   (no gloves)
MR       .....                  (no boots)
Stlth    +.........             (no amulet)
HPRegen  0.14/turn              (no ring)
MPRegen  0.09/turn              (no ring)

@: no status effects
A: no food or potions, fire vulnerability, cold resistance 1, negative energy
resistance 3, torment resistance, unbreathing
a: Trog's Hand, Renounce Religion


You were on level 6 of the Dungeon.
You worshipped Trog.
Trog was pleased with you.
You were not hungry.

You visited 1 branch of the dungeon, and saw 4 of its levels.
You also visited: Ossuary.

You collected 312 gold pieces.

Inventory:

Hand Weapons
 a - a +0 falchion (weapon)
Missiles
 g - 20 poisoned darts
 h - 4 javelins (quivered)
Armour
 d - a +0 ring mail (worn)
 n - a +1 cloak (worn)
Jewellery
 j - an uncursed ring of wizardry
Wands
 m - a wand of digging (6)
Scrolls
 c - 4 scrolls of remove curse
 e - 2 scrolls of amnesia
 f - 2 scrolls of enchant armour
 i - 2 scrolls of teleportation
 k - a scroll of blinking {unknown}
 l - a scroll of immolation {unknown}
 o - a scroll of magic mapping {unknown}
 p - a scroll of silence {unknown}
 q - a scroll of enchant weapon {unknown}
 r - a scroll of holy word {unknown}
 s - a scroll of fear {unknown}


   Skills:
 + Level 3.9 Fighting
 + Level 3.3 Long Blades
 + Level 2.6 Armour
 + Level 2.6 Dodging


You had 4 spell levels left.
You didn't know any spells.
Your spell library was empty.

Dungeon Overview and Level Annotations

Branches:
Dungeon (3/15)            Ossuary (visited)

Altars:


Innate Abilities, Weirdness & Mutations

You do not eat or drink.
Your flesh is vulnerable to fire.
You are immune to poison.
Your flesh is cold resistant. (rC+)
You are immune to negative energy. (rN+++)
You are immune to unholy pain and torment.
You can survive without breathing.


Message History

The ogre hits you with a +0 giant spiked club!
You slash the ogre!
The ogre is severely wounded.
The ogre barely misses you.
You hit the ogre but do no damage.
The ogre is severely wounded.
The ogre hits you with a +0 giant spiked club!
You completely miss the ogre.
The ogre is severely wounded.
The ogre hits you with a +0 giant spiked club!
* * * LOW HITPOINT WARNING * * *
You hit the ogre.
The ogre is severely wounded.
You barely miss the ogre.
The ogre is severely wounded.
The ogre barely misses you.
You hit the ogre.
The ogre is almost dead.
The ogre hits you with a +0 giant spiked club!!
You die...

##### ##.## #...
....
########.######.#
#...............##
#@######.###.....#
#O# #.#........
#.# #>.........
#.# #.#........
#.# #.###..!..#
#.# #.# #.....#
#.# #.# #.....#
#(# #.# #.....8
#..........# #.#
#######


You could see an ogre.

Vanquished Creatures
  A bullfrog zombie (D:6)
  8 mummies (Ossuary)
  2 dart slugs (D:1)
  2 leopard geckos (D:1)
  5 bats
  A giant cockroach (D:1)
  4 goblins
  6 hobgoblins
  4 jackals (D:1)
  2 gnoll zombies (Ossuary)
  4 hobgoblin zombies (Ossuary)
  6 kobolds
  A kobold zombie (Ossuary)
  An orc zombie (Ossuary)
  4 rats
51 creatures vanquished.

Notes
Turn   | Place    | Note
-------+----------+-------------------------------------------
     0 | D:1      | Ayyar the Mummy Berserker began the quest for the Orb.
     0 | D:1      | Reached XP level 1. HP: 18/18 MP: 1/1
   169 | D:1      | Reached XP level 2. HP: 17/24 MP: 2/2
   408 | D:1      | Reached XP level 3. HP: 26/29 MP: 3/3
   429 | D:1      | Reached ** piety under Trog
  1835 | D:3      | You fall into a shaft and drop 3 floors!
  1845 | D:6      | Noticed a scorpion
  1872 | D:6      | Reached XP level 4. HP: 31/35 MP: 4/4
  1884 | D:6      | Found a sand-covered staircase.
  1898 | Ossuary  | Entered an ossuary
  2221 | Ossuary  | HP: 1/37 [mummy (6)]
  2637 | Ossuary  | Reached XP level 5. HP: 42/42 MP: 5/5
  3004 | D:6      | Noticed an ogre
  3022 | D:6      | Mangled by an ogre

Levels and vault maps discovered:
D:1:      dpeg_arrival_refuge, layout_basic
D:2:      minmay_wonky_spiral, layout_loops_corners, bh_walls_and_bars
D:3:      layout_loops_cross, minmay_overflow_temple_star_quad
D:6:      layout_basic, okawaru_trees_2, serial_shops, nicolae_shop_crystal,
          lightli_ossuary_entry_decrepit_ruins

Skill      XL: |  1  2  3 |
---------------+----------+-----
Armour         | 2 |  2.6
Dodging        | 2 |  2.6
Long Blades    | 3 |  3.3
Fighting       | |  3.9

Action                   |  1- 3 |  4- 6 || total
-------------------------+-------+-------++-------
Melee: Falchion          |    81 |    87 ||   168
Throw: Dart              |    48 |    17 ||    65
       Javelin           |       |    15 ||    15
Invok: Trog's Hand       |       |     2 ||     2
  Use: Scroll            |     4 |     1 ||     5
Armor: Ring mail         |    47 |    15 ||    62
Dodge: Dodged            |    70 |    32 ||   102
       Rpst.: Falchion   |    23 |     8 ||    31

Table legend:
 A = Non-vault XP
 B = Vault XP
 C = Vault XP percentage of total XP
 D = Non-vault monster count
 E = Vault monster count
 F = Vault count percentage of total count
                 A         B        C        D         E       F
            +---------+---------+-------+---------+---------+-------
      Total |     104 |     155 |  59.8 |      34 |      17 |  33.3
            +---------+---------+-------+---------+---------+-------
        D:1 |      51 |       0 |   0.0 |      27 |       0 |   0.0
        D:2 |       9 |       2 |  18.2 |       6 |       1 |  14.3
        D:6 |      44 |       0 |   0.0 |       1 |       0 |   0.0
    Ossuary |       0 |     153 | 100.0 |       0 |      16 | 100.0
            +---------+---------+-------+---------+---------+-------
